 Dungeon Crawl Stone Soup version 0.19-a0-1454-g889e34b (webtiles) character file.

1056 Lindan9 the Shield-Bearer (level 8, -7/62 HPs)
             Began as a Formicid Fighter on Sept 6, 2016.
             Mangled by a slime creature (11 damage)
             ... on level 8 of the Dungeon.
             The game lasted 00:22:17 (5210 turns).

Lindan9 the Shield-Bearer (Formicid Fighter)        Turns: 5210, Time: 00:22:18

Health: -7/62      AC: 11    Str: 24    XL:     8   Next: 51%
Magic:  8/8        EV: 11    Int:  7    God:
Gold:   284        SH: 12    Dex: 10    Spells: 0 memorised, 7 levels left

rFire  . . .     SeeInvis +     a - +1 flail
rCold  . . .     Gourm    .     b - +0 scale mail
rNeg   . . .     Faith    .     c - +1 shield
rPois  .         Spirit   .     (helmet unavailable)
rElec  .         Dismiss  .     (no cloak)
rCorr  .         Reflect  .     A - +1 pair of gloves
MR     .....     Harm     .     d - +0 pair of boots
Stlth  ..........               (no amulet)
                                (no ring)
                                (no ring)

@: no status effects
A: permanent stasis, dig shafts and tunnels, four strong arms, antennae 3
a: Dig, Shaft Self


You were on level 8 of the Dungeon.
You were not hungry.

You visited 1 branch of the dungeon, and saw 7 of its levels.

You collected 284 gold pieces.

Inventory:

Hand Weapons
 a - a +1 flail (weapon)
 e - a +0 dagger of pain
 q - a +0 dagger
Armour
 b - a +0 scale mail (worn)
 c - a +1 shield (worn)
 d - a +0 pair of boots (worn)
 r - a cursed +0 helmet
 x - a +0 large shield
 y - a +3 ring mail
 z - a +0 buckler
 A - a +1 pair of gloves (worn)
Jewellery
 l - a cursed amulet of inaccuracy {unknown}
Wands
 t - a wand of iceblast (15/15)
Scrolls
 h - a scroll of remove curse
 n - 2 scrolls of teleportation
 p - 2 scrolls of fog
 w - 2 scrolls of enchant weapon
Potions
 f - a potion of curing {unknown}
 g - 2 potions of degeneration
 i - a potion of brilliance {unknown}
 j - 2 potions of mutation
 o - a potion of ambrosia
 s - a potion of flight
 u - a potion of cancellation {unknown}
Comestibles
 m - a beef jerky
 v - a slice of pizza


   Skills:
 + Level 5.0 Fighting
 + Level 4.3 Maces & Flails
 + Level 5.6 Armour
 + Level 3.8 Dodging
 + Level 1.0 Stealth
 + Level 6.6 Shields


You had 7 spell levels left.
You didn't know any spells.

Dungeon Overview and Level Annotations

Branches:
Dungeon (6/15)
 Temple: D:4-7

Altars:
Makhleb
Nemelex Xobeh
Sif Muna


Innate Abilities, Weirdness & Mutations

You are under a permanent stasis effect.
You can dig through walls and to a lower floor.
Your four strong arms can wield two-handed weapons with a shield.
You have a pair of large antennae on your head. (SInv)


Message History

The slime creature hits you but does no damage.
You block the slime creature's attack.
The slime creature barely misses you. x2
You block the slime creature's attack.
Found 4 fruits. 2 slime creatures come into view.
The slime creature quivers. x2
You block the slime creature's attack. The slime creature barely misses you.
Found a potion of might.
The slime creature barely misses you.
Found a scroll labeled AGISIPTIKKI.
Found 16 gold pieces.
The slime creature hits you.
* * * LOW HITPOINT WARNING * * *
You block the slime creature's attack.
Found 4 fruits.
You barely miss the slime creature. The slime creature hits you!
* * * LOW HITPOINT WARNING * * *
The slime creature barely misses you. The slime creature hits you!
You die...

..............# #...#
.............## #...# .
##.†......# #..)# ..
##.........# #...#
...##.........## #...#
..............# ##...#
.............## #....#
.$.....JJ....# #.>..#
.......@J...## #....#
.......J....# #....#
...!.......#######....#
..?...................##
........#..........#....
........%..############.
............ ## #..
....##...P%## #.# ##..
#..##...


You could see 4 slime creatures.

Vanquished Creatures
  Grinder (D:4)
  A phantom (D:4)
  A centaur (D:5)
  2 crimson imps (D:5)
  A giant frog zombie (D:5)
  3 orc priests
  Crazy Yiuf (D:4)
  2 hounds
  3 orc wizards
  An iguana (D:5)
  3 worker ants
  2 hound skeletons
  8 adders
  A river rat (D:5)
  3 worms (D:5)
  6 dart slugs
  4 giant geckos
  16 orcs
  6 bats
  7 giant cockroaches
  8 goblins
  7 hobgoblins
  3 kobolds (D:1)
  4 quokkas
  A ball python (D:2)
  3 giant newts
  10 rats
108 creatures vanquished.

Notes
Turn   | Place    | Note
-------+----------+-------------------------------------------
     0 | D:1      | Lindan9 the Formicid Fighter began the quest for the Orb.
     0 | D:1      | Reached XP level 1. HP: 18/18 MP: 1/1
    53 | D:1      | Reached XP level 2. HP: 23/24 MP: 2/2
   511 | D:1      | Reached XP level 3. HP: 29/29 MP: 3/3
   680 | D:2      | Reached skill level 4 in Shields
   981 | D:2      | Reached XP level 4. HP: 19/36 MP: 4/4
  1765 | D:3      | Reached skill level 1 in Dodging
  2132 | D:3      | Reached XP level 5. HP: 37/42 MP: 5/5
  2403 | D:3      | Reached skill level 5 in Shields
  2887 | D:5      | Entered Level 5 of the Dungeon
  3040 | D:4      | Reached XP level 6. HP: 44/48 MP: 6/6
  3365 | D:4      | Noticed a phantom
  3425 | D:4      | Killed a phantom
  3425 | D:4      | Reached XP level 7. HP: 28/54 MP: 7/7
  3446 | D:4      | Noticed Grinder
  3485 | D:4      | Killed Grinder
  3485 | D:4      | Reached skill level 5 in Armour
  3834 | D:4      | Found a runed door.
  3905 | D:4      | Noticed Crazy Yiuf
  3913 | D:4      | Killed Crazy Yiuf
  3913 | D:4      | Reached skill level 6 in Shields
  4005 | D:4      | Found a burning altar of Makhleb.
  4015 | D:4      | Found a sparkling altar of Nemelex Xobeh.
  4016 | D:4      | Found a deep blue altar of Sif Muna.
  4274 | D:5      | Reached XP level 8. HP: 61/61 MP: 8/8
  4489 | D:5      | Reached skill level 5 in Fighting
  4489 | D:5      | Reached skill level 1 in Stealth
  5118 | D:5      | You fall through a shaft for 3 floors!
  5175 | D:8      | Noticed a slime creature
  5177 | D:8      | Noticed a slime creature
  5204 | D:8      | Noticed a slime creature
  5204 | D:8      | Noticed a slime creature
  5210 | D:8      | Mangled by a slime creature

Vault maps used:
D:1:      noname_arrival_rooms_in_the_neighbourhood
D:3:      minmay_door_path
D:4:      grunt_temple_overflow_open, kennysheep_boxes, uniq_grinder,
          uniq_crazy_yiuf_cottage
D:5:      gup_sewer_entry_bubbles, first_bread, kennysheep_flooded_box,
          minmay_misc_feat_iff
D:6:      lemuel_castle_with_subvaults, kennysheep_mini, trog_ov_bears_minmay,
          uniq_edmund
D:8:      basic_altar, blue_anna_alchemist

Skill      XL: |  1  2  3  4  5  6  7  8 |
---------------+-------------------------+-----
Shields        | 4 5 6 |  6.6
Armour         | 4 5 |  5.6
Dodging        | 1 2 3 |  3.8
Fighting       | 4 5 |  5.0
Maces & Flails | 3 4 |  4.3
Stealth        | 1 |  1.0

Action                   |  1- 3 |  4- 6 |  7- 9 || total
-------------------------+-------+-------+-------++-------
Melee: Flail             |   113 |   168 |   261 ||   542
 Abil: Dig               |       |       |     1 ||     1
  Use: Potion            |       |     1 |     4 ||     5
       Scroll            |       |     9 |     2 ||    11
 Stab: Distracted        |       |     1 |       ||     1
  Eat: Bread ration      |       |     2 |     1 ||     3
       Meat ration       |       |       |     1 ||     1
Armor: Scale mail        |    60 |    50 |    68 ||   178
Dodge: Dodged            |    48 |    34 |    86 ||   168
Block: Shield            |    84 |    90 |   147 ||   321
